 Dungeon Crawl Stone Soup version 0.24.0-13-gcf9b319 (webtiles) character file.

Game seed: 12594718299507456836, levelgen mode: deterministic

8694 Fang the Fighter (level 11, -2/72 HPs)
             Began as a Gargoyle Berserker on Nov 21, 2019.
             Was a High Priest of Trog.
             Slain by a death yak (8 damage)
             ... on level 10 of the Dungeon.
             The game lasted 00:10:21 (9943 turns).

Fang the Fighter (Gargoyle Berserker)               Turns: 9943, Time: 00:10:21

Health: -2/72      AC: 22    Str: 24    XL:     11   Next: 34%
Magic:  11/11      EV: 10    Int:  8    God:    Trog [*****.]
Gold:   482        SH:  0    Dex:  9    Spells: 10/10 levels left

rFire    . . .     SeeInvis .   a - +0 broad axe
rCold    . . .     Gourm    .   (no shield)
rNeg     + . .     Faith    .   b - +0 plate armour
rPois    ∞         Spirit   .   (no helmet)
rElec    +         Reflect  .   (no cloak)
rCorr    .         Harm     .   (no gloves)
MR       .....                  (no boots)
Stlth    ..........             (no amulet)
HPRegen  0.22/turn              (no ring)
MPRegen  0.12/turn              (no ring)

@: berserk cooldown, slowed, very slow
A: negative energy resistance 1, electricity resistance, unbreathing,
petrification resistance, rot immunity, AC +8
a: Berserk, Trog's Hand, Brothers in Arms, Renounce Religion


You were on level 10 of the Dungeon.
You worshipped Trog.
Trog was extremely pleased with you.
You were very hungry.

You visited 2 branches of the dungeon, and saw 11 of its levels.

You collected 538 gold pieces.
You spent 56 gold pieces at shops.

Inventory:

Hand Weapons
 a - a +0 broad axe (weapon)
Armour
 b - a +0 plate armour (worn)
Jewellery
 x - an uncursed ring of stealth {unknown}
Wands
 q - a wand of polymorph (7)
 v - a wand of flame (12)
 C - a wand of digging (3)
 H - a wand of iceblast (13)
Scrolls
 f - 3 scrolls of teleportation {unknown}
 g - 13 scrolls of identify {unknown}
 h - a scroll of random uselessness {unknown}
 i - 6 scrolls of amnesia {unknown}
 l - 2 scrolls of enchant weapon {unknown}
 n - a scroll of enchant armour {unknown}
 r - a scroll of summoning {unknown}
 s - a scroll of holy word {unknown}
 u - a scroll of immolation {unknown}
 w - a scroll of noise {unknown}
 y - a scroll of blinking {unknown}
 D - a scroll of torment {unknown}
 E - 4 scrolls of remove curse {unknown}
 K - a scroll of acquirement {unknown}
Potions
 d - a potion of heal wounds {unknown}
 e - a potion of magic {unknown}
 j - a potion of degeneration {unknown}
 k - 5 potions of ambrosia {unknown}
 m - a potion of lignification {unknown}
 o - a potion of mutation {unknown}
 p - 4 potions of curing
 t - a potion of might {unknown}
 z - a potion of agility
 A - a potion of brilliance {unknown}
 B - 2 potions of flight {unknown}
 F - a potion of haste {unknown}
 I - a potion of resistance {unknown}
 J - 2 potions of cancellation {unknown}
Comestibles
 c - 25 rations
 G - a chunk of flesh


   Skills:
 + Level 10.1 Fighting
 + Level 8.5 Axes
 + Level 9.8 Armour
 + Level 7.5 Dodging


You had 10 spell levels left.
You didn't know any spells.
Your spell library was empty.

Dungeon Overview and Level Annotations

Branches:
Dungeon (10/15)            Temple (1/1) D:7            Lair (0/6) D:10
    Orc: D:9-12

Altars:
Fedhas
Gozag
Makhleb
Okawaru
Sif Muna
Uskayaw
Vehumet
Xom
Yredelemnul
Beogh

Shops:
D:7 (}   D:8 ?

Annotations:
D:9 2 transporters


Innate Abilities, Weirdness & Mutations

You are resistant to torment.
Your stone body is resilient. (AC +8)
You are immune to poison.
You resist negative energy. (rN+)
You are resistant to electric shocks. (rElec)
You can survive without breathing.
You are immune to petrification.
You are immune to rotting.


Message History

The death yak gores you!
* * * LOW HITPOINT WARNING * * *
The death yak gores you but does no damage. x2
You slash the death yak!
You kill the death yak!
Trog accepts your kill.
You hit the death yak but do no damage.
Your plate armour prevents you from hitting the death yak.
You are no longer berserk.
You are exhausted.
You feel yourself slow down.
The death yak gores you but does no damage. x2
The death yak gores you.
* * * LOW HITPOINT WARNING * * *
The death yak gores you but does no damage. x2
You see here a death yak corpse.
It was a potion of curing.
You feel better. The death yak gores you!
* * * LOW HITPOINT WARNING * * *
The death yak barely misses you. The death yak gores you!
You die...

...#.....#####
.............
............#
...>........#
.....#......#
............#
.......#Y...# ..
.......)@...# #....
.......#Y...#########....
.....#.#.................
................)........
.$. .....................
.. ......................
. .......................
.......#########....<<..
.... #........


You could see 2 death yaks.

Vanquished Creatures
  A centaur warrior (D:9)
  3 death yaks
  Pikel (D:5)
  2 polar bears (D:9)
  Grinder (D:5)
  A yak (D:7)
  Eustachio (D:5)
  3 hogs (D:7)
  A human (D:7)
  A hungry ghost (D:9)
  A water moccasin (D:8)
  3 orc warriors
  3 sky beasts
  4 ice beasts
  2 phantoms (D:8)
  A necrophage (D:8)
  4 centaurs
  An ogre (D:8)
  3 bullfrogs
  3 gnoll sergeants (D:7)
  4 killer bees (D:7)
  An electric eel (D:9)
  2 centaur zombies
  3 crimson imps (D:6)
  5 orc priests
  6 hounds
  10 orc wizards
  2 bullfrog skeletons (D:9)
  A gnoll shaman (D:7)
  4 iguanas
  9 worker ants
  A howler monkey skeleton (D:5)
  9 adders
  13 gnolls (D:7)
  3 shadow imps
  2 white imps (D:9)
  4 ufetubi (D:9)
  An ooze (D:6)
  2 adder zombies
  2 worms
  3 dart slugs (D:1)
  3 leopard geckos
  43 orcs
  7 bats
  5 giant cockroaches
  14 goblins
  6 hobgoblins
  9 jackals
  8 kobolds
  4 quokkas
  A ball python (D:1)
  9 frilled lizards
  2 gnoll zombies (D:3)
  A leopard gecko skeleton (D:4)
  A leopard gecko zombie (D:5)
  8 rats
248 creatures vanquished.

Vanquished Creatures (others)
  2 centaurs (D:9)
  A hound (D:9)
  An adder (D:9)
  A shadow imp (D:9)
  An orc (D:9)
  3 fungi (D:5)
9 creatures vanquished.

Grand Total: 257 creatures vanquished

Notes
Turn   | Place    | Note
-------+----------+-------------------------------------------
     0 | D:1      | Fang the Gargoyle Berserker began the quest for the Orb.
     0 | D:1      | Reached XP level 1. HP: 14/14 MP: 1/1
    69 | D:1      | Reached XP level 2. HP: 13/19 MP: 2/2
   227 | D:1      | Reached XP level 3. HP: 15/23 MP: 3/3
   244 | D:1      | Reached ** piety under Trog
  1298 | D:2      | Reached XP level 4. HP: 26/29 MP: 4/4
  1320 | D:2      | Reached skill level 4 in Fighting
  2412 | D:3      | You fall into a shaft and drop 3 floors!
  2417 | D:6      | Reached XP level 5. HP: 23/33 MP: 5/5
  2430 | D:6      | Noticed an ice beast
  2446 | D:6      | Killed an ice beast
  2446 | D:6      | Reached XP level 6. HP: 4/39 MP: 6/6
  2715 | D:6      | Reached skill level 5 in Fighting
  2813 | D:6      | Reached XP level 7. HP: 25/44 MP: 7/7
  3266 | D:6      | Reached *** piety under Trog
  3894 | D:6      | Found a radiant altar of Vehumet.
  3895 | D:6      | Found a burning altar of Makhleb.
  3962 | D:5      | Entered Level 5 of the Dungeon
  4218 | D:5      | Noticed Eustachio
  4236 | D:5      | Killed Eustachio
  4236 | D:5      | Reached skill level 5 in Armour
  4310 | D:5      | Found a runed translucent door.
  4357 | D:5      | Reached XP level 8. HP: 51/51 MP: 8/8
  4451 | D:5      | Noticed Grinder
  4455 | D:5      | Paralysed by Grinder for 3 turns
  4470 | D:5      | Killed Grinder
  4470 | D:5      | Reached skill level 6 in Fighting
  4470 | D:5      | Reached skill level 5 in Axes
  4537 | D:5      | Found a blossoming altar of Fedhas.
  4578 | D:5      | Noticed Pikel
  4588 | D:5      | Killed Pikel
  4838 | D:5      | Reached **** piety under Trog
  4839 | D:5      | Reached skill level 7 in Fighting
  4839 | D:5      | Reached XP level 9. HP: 48/57 MP: 9/9
  4851 | D:5      | Reached skill level 5 in Dodging
  5039 | D:5      | Found a roughly hewn altar of Beogh.
  5241 | D:4      | Found an opulent altar of Gozag.
  6154 | D:3      | Found a basalt altar of Yredelemnul.
  6831 | D:7      | Found Cop Hies's Gadget Shop.
  6860 | D:7      | Found Zinnaraza's Weapon Emporium.
  6914 | D:7      | Bought a +0 broad axe for 56 gold pieces
  7177 | D:7      | Found a staircase to the Ecumenical Temple.
  7189 | Temple   | Entered the Ecumenical Temple
  7340 | D:7      | Reached skill level 8 in Fighting
  7349 | D:7      | Reached XP level 10. HP: 48/64 MP: 10/10
  7584 | D:8      | Reached ***** piety under Trog
  7754 | D:8      | Found Keycwuiva's Magic Scroll Emporium.
  8022 | D:8      | Found a hide-covered altar of Uskayaw.
  8576 | D:9      | Noticed a centaur warrior
  8589 | D:9      | Killed a centaur warrior
  8589 | D:9      | Reached skill level 9 in Fighting
  8670 | D:9      | Found a shimmering altar of Xom.
  8859 | D:9      | Found a transporter.
  8860 | D:9      | Noticed an orc sorcerer
  9006 | D:9      | Noticed a kobold demonologist
  9010 | D:9      | Noticed a kobold demonologist
  9020 | D:9      | Found a transporter.
  9113 | D:9      | Noticed a kobold demonologist
  9117 | D:9      | Noticed a kobold demonologist
  9118 | D:9      | Noticed a fire crab
  9401 | D:9      | Noticed a death yak
  9411 | D:9      | Reached XP level 11. HP: 49/71 MP: 11/11
  9417 | D:9      | Killed a death yak
  9908 | D:10     | Entered Level 10 of the Dungeon
  9920 | D:10     | Noticed a death yak
  9920 | D:10     | Noticed a death yak
  9921 | D:10     | Noticed a death yak
  9921 | D:10     | Noticed a death yak
  9929 | D:10     | Killed a death yak
  9930 | D:10     | Found a staircase to the Lair.
  9933 | D:10     | Received a gift from Trog
  9933 | D:10     | Reached skill level 10 in Fighting
  9941 | D:10     | Killed a death yak
  9943 | D:10     | Slain by a death yak

Levels and vault maps discovered:
D:1:      minmay_arrival_wavy_path, layout_basic
D:2:      layout_basic
D:3:      layout_loops_ring, lemuel_zombie_altar_yredelemnul, first_ration
D:4:      layout_loops_corners, kennysheep_little_box
D:5:      layout_basic, fedhas_altar_3, lightli_church_of_beogh, uniq_grinder,
          uniq_pikel, uniq_eustachio
D:6:      layout_loops_ring, grunt_temple_overflow_lords_of_destruction
D:7:      layout_cave_pools, temple_fountains, serial_gnoll_camp,
          gnoll_camp_mini_hut, gnoll_camp_mini_shop, gnoll_camp_huts_basic,
          gnoll_camp_mini_shop, grunt_livestock
D:8:      layout_cave_pools, eat_drink_and_be_merry_uskayaw, serial_shops, shop,
          supply_closet_lemuel, grunt_ministairs_3
D:9:      gammafunk_wand_slinger, layout_irregular_city, serial_ice,
          serial_ice_f, serial_ice_l, serial_ice_c, serial_ice_a, serial_ice_b,
          serial_ice_m, serial_ice_d, xom_confusion_cloud
D:10:     layout_irregular_city, dpeg_lair_monsters, david_orc_5, serial_shops,
          shop
Temple:   nicolae_temple_elliptical

Skill      XL: |  1  2  3  4  5  6  7  8  9 10 11 |
---------------+----------------------------------+-----
Axes           | 3 4 5 6 8 |  8.5
Dodging        | 2 3 4 6 7 |  7.5
Armour         | 3 4 5 6 7 9 |  9.8
Fighting       | 4 5 7 8 9 10 | 10.1

Action                   |  1- 3 |  4- 6 |  7- 9 | 10-12 || total
-------------------------+-------+-------+-------+-------++-------
Melee: Hand axe          |   109 |   158 |   404 |       ||   671
       Broad axe         |       |       |    55 |   318 ||   373
Invok: Berserk           |       |     4 |     6 |     7 ||    17
  Use: Potion            |       |       |       |     1 ||     1
 Stab: Distracted        |     1 |       |       |       ||     1
       Sleeping          |     1 |       |       |       ||     1
  Eat: Chunk             |     1 |     8 |    20 |    18 ||    47
       Ration            |       |       |       |     1 ||     1
Armor: Animal skin       |    37 |    58 |    18 |       ||   113
       Plate armour      |       |       |   408 |   342 ||   750
Dodge: Dodged            |    97 |   121 |   263 |   217 ||   698
